 Dungeon Crawl Stone Soup version 0.11.3 (webtiles) character file.

130 Turtleman12345 the Ruinous (level 3, -4/26 HPs)
             Began as a Demigod Conjurer on Mar 23, 2024.
             Slain by a phantom (8 damage)
             ... on Level 2 of the Dungeon.
             The game lasted 00:07:16 (1876 turns).

Turtleman12345 the Ruinous (Demigod Conjurer)       Turns: 1876, Time: 00:07:16

HP  -4/26        AC  2     Str 12      XL: 3   Next: 50%
MP   4/9         EV 12     Int 20      God:
Gold 76          SH  0     Dex 16      Spells:  2 memorised,  2 levels left

Res.Fire  : . . .   See Invis. : .   g - +0,-3 short sword (curse)
Res.Cold  : . . .   Warding    : .   a - +0 robe
Life Prot.: . . .   Conserve   : .   (no shield)
Res.Poison: .       Res.Corr.  : .   (no helmet)
Res.Elec. : .       Clarity    : .   (no cloak)
Sust.Abil.: . .     Spirit.Shd : .   (no gloves)
Res.Mut.  : .       Stasis     : .   (no boots)
Res.Rott. : .       Ctrl.Telep.: .   (no amulet)
Saprovore : . . .   Levitation : .   (no ring) Ctrl.Flight: .
                                     (no ring)

@: slightly resistant to hostile enchantments, fairly stealthy
A: no striking features
a: no special abilities


You were on level 2 of the Dungeon.
You were hungry.

You visited 1 branch of the dungeon, and saw 2 of its levels.

You collected 56 gold pieces.

Inventory:

Hand weapons
 e - a -1,+0 orcish short sword
 g - a cursed +0,-3 short sword (weapon)
Missiles
 d - 2 darts (quivered)
Armour
 a - a +0 robe (worn)
Comestibles
 b - 2 bread rations
 k - a pear
Scrolls
 i - a scroll of identify {unknown}
 l - a scroll of amnesia {unknown}
 m - 2 scrolls of remove curse {unknown}
Books
 c - a book of Conjurations

   Spells                             Type                      Level
   *Magic Dart                        Conjuration                  1
   *Throw Frost                       Conjuration/Ice              2
   Mephitic Cloud                     Conjuration/Poison/Air       3
   Lightning Bolt                     Conjuration/Air              5
   Bolt of Cold                       Conjuration/Ice              6
   Freezing Cloud                     Conjuration/Ice/Air          6


   Skills:
 - Level 1.7 Dodging
 - Level 1.7 Stealth
 + Level 1.6 Spellcasting
 * Level 4.5 Conjurations


You had 2 spell levels left.
You knew the following spells:

 Your Spells              Type           Power        Failure   Level  Hunger
a - Magic Dart            Conj           ####.        2%          1    #......
b - Throw Frost           Conj/Ice       ###....      12%         2    ###....


Dungeon Overview and Level Annotations

Branches:
Dungeon (2/27)


Message History

a runed elven whip; 3 darts of flame The phantom barely misses you.
Casting: Magic Dart
Confirm with . or Enter, or press ? or * to list all spells.
Aiming: Magic Dart
Press: ? - help, Shift-Dir - straight line, f/p - phantom
Aim: a phantom (heavily damaged)
The magic dart hits the phantom.
The phantom is heavily damaged.
The phantom hits you.
* * * LOW HITPOINT WARNING * * *
Casting: Magic Dart
Confirm with . or Enter, or press ? or * to list all spells.
Aiming: Magic Dart
Press: ? - help, Shift-Dir - straight line, f/p - phantom
Aim: a phantom (heavily damaged)
The magic dart hits the phantom.
The phantom is severely damaged.
The phantom hits you!
You die...

#...........#######(#
##..................###
##.#..#.##....#####.#.#
..............# ##.#.###
####.##.#.....# #.)....#_#
#.##.......####........#
#.##.#...[...........###
#.......#.....p..#.###
#.##........#@#.##.####
#.####..#...............
####.####..#.#.#.#.##.##.#
...............#.#.# #
####.####..#.. ..... # #.#
............ # #.#
#....##.##. ###... ..$.
... .. ..#.## ... ###


You could see a phantom.

Vanquished Creatures
  An adder (D:2)
  A giant gecko (D:1)
  A ball python (D:1)
  5 giant cockroaches
  4 hobgoblins (D:1)
  6 bats
  3 giant newts (D:1)
  5 goblins (D:1)
  9 kobolds
  8 rats
43 creatures vanquished.

Vanquished Creatures (others)
  A goblin (D:1)
  A hobgoblin (D:1)
  A ball python (D:1)
  A rat (D:2)
  3 toadstools (D:1)
7 creatures vanquished.

Grand Total: 50 creatures vanquished

Notes
Turn   | Place    | Note
--------------------------------------------------------------
     0 | D:1      | Turtleman12345, the Demigod Conjurer, began the quest for the Orb.
     0 | D:1      | Reached XP level 1. HP: 14/14 MP: 5/5
   397 | D:1      | Reached XP level 2. HP: 14/20 MP: 2/6
   402 | D:1      | Learned a level 2 spell: Throw Frost
   613 | D:1      | Reached skill level 4 in Conjurations
  1372 | D:1      | Reached XP level 3. HP: 18/26 MP: 9/9
  1801 | D:2      | Noticed a phantom
  1807 | D:2      | Found a radiant altar of Vehumet.
  1876 | D:2      | Slain by a phantom
